PL
GRAFTON MIDDIES @ WIZARDING EXPRESS
07/07/2028
 
TOP OF THE 1ST
Grafton Middies batting - Pitching for Wizarding Express : LHP Dan Mitchell
Pitching: LHP Dan Mitchell
Batting: RHB Pedro Santos 0-0: Swinging Strike
0-1: Ball
1-1: Ball
2-1: Ball
3-1: Base on Balls
Batting: RHB Carlos Maldonado 0-0: Ball
1-0: SINGLE (Groundball, 56D)
Pedro Santos to second
Batting: LHB Mario Ramos 0-0: Ball
1-0: Ball
2-0: Called Strike
2-1: Fielders Choice at 2nd, 3-6 (Groundball, 34)
Pedro Santos to third
Batting: RHB Lúcio López 0-0: Ball
1-0: Foul Ball, location: 2F
1-1: Ball
2-1: Fly out, F6 (Popup, 6D)
Batting: RHB Stefano Gaddi 0-0: SINGLE (Flyball, 9LS)
Pedro Santos scores
Mario Ramos to second
Batting: RHB Dave Ash 0-0: Ball
1-0: Foul Ball, location: 2F
1-1: Ball
2-1: SINGLE (Line Drive, 8RS)
Mario Ramos to third
Stefano Gaddi to second
Batting: RHB Scotty Anderson 0-0: Ball
1-0: Ball
2-0: Ball
3-0: Called Strike
3-1: Swinging Strike
3-2: Base on Balls
Mario Ramos scores
Stefano Gaddi to third
Dave Ash to second
Batting: LHB John Meléndez 0-0: Called Strike
0-1: Ball
1-1: Ball
2-1: Foul Ball, location: 2F
2-2: Foul Ball, location: 2F
2-2: Ball
3-2: Foul Ball, location: 2F
3-2: Strikes out looking
Top of the 1st over - 2 run(s), 3 hit(s), 0 error(s), 3 left on base; Grafton 2 - Wizarding 0
BOTTOM OF THE 1ST
Wizarding Express batting - Pitching for Grafton Middies : RHP Craig Whitney
Pitching: RHP Craig Whitney
Batting: RHB António Martínez 0-0: Fly out, F9 (Flyball, 9LSF)
Batting: LHB José Corona 0-0: Ball
1-0: Ball
2-0: Ground out 1-3 (Groundball, 15S)
Batting: SHB Salvador Trevino 0-0: Foul Ball, location: 2F
0-1: Called Strike
0-2: Foul Ball, location: 2F
0-2: Ball
1-2: Ball
2-2: Foul Ball, location: 2F
2-2: Ball
3-2: SOLO HOME RUN (Flyball, 8RXD), Distance : 417 ft
Batting: LHB Nathan Tanner 0-0: Called Strike
0-1: Ball
1-1: Ball
2-1: SOLO HOME RUN (Line Drive, 9D), Distance : 338 ft
Batting: SHB Fernando Sánchez 0-0: SINGLE (Flyball, 78S)
Batting: LHB David Breitling 0-0: Called Strike
0-1: Ball
1-1: Ball
2-1: Ball
3-1: Foul Ball, location: 2F
3-2: Strikes out swinging
Bottom of the 1st over - 2 run(s), 3 hit(s), 0 error(s), 1 left on base; Grafton 2 - Wizarding 2
TOP OF THE 2ND
Grafton Middies batting - Pitching for Wizarding Express : LHP Dan Mitchell
Batting: SHB Jack MacAsgill 0-0: SOLO HOME RUN (Flyball, 7D), Distance : 355 ft
Batting: RHB Pedro Santos 0-0: Foul Ball, location: 2F
0-1: Foul Ball, location: 2F
0-2: Strikes out looking
Batting: RHB Carlos Maldonado 0-0: Fly out, F7 (Flyball, 7LM)
Batting: LHB Mario Ramos 0-0: Called Strike
0-1: SOLO HOME RUN (Flyball, 9D), Distance : 352 ft
Batting: RHB Lúcio López 0-0: Foul Ball, location: 2F
0-1: Foul Ball, location: 2F
0-2: Ball
1-2: Strikes out looking
Top of the 2nd over - 2 run(s), 2 hit(s), 0 error(s), 0 left on base; Grafton 4 - Wizarding 2
BOTTOM OF THE 2ND
Wizarding Express batting - Pitching for Grafton Middies : RHP Craig Whitney
Batting: RHB Steve Dunn 0-0: Swinging Strike
0-1: Foul Ball, location: 2F
0-2: Ball
1-2: Ball
2-2: Ball
3-2: Strikes out swinging
Batting: RHB Cole Shaffer 0-0: Ball
1-0: Ball
2-0: Foul Ball, location: 2F
2-1: Ball
3-1: Base on Balls
Batting: LHB Kyung-chor Pang 0-0: Foul Ball, location: 2F
0-1: Swinging Strike
0-2: Foul Ball, location: 2F
0-2: Ball
1-2: 2-RUN HOME RUN (Flyball, 8LXD), Distance : 417 ft
Batting: RHB António Martínez 0-0: Called Strike
0-1: Foul Ball, location: 2F
0-2: Foul Ball, location: 2F
0-2: Fly out, F8 (Flyball, 8LM)
Batting: LHB José Corona 0-0: Called Strike
0-1: SINGLE (Groundball, 6MD)
Batting: SHB Salvador Trevino 0-0: SINGLE (Groundball, 4D)
José Corona to second
José Corona to third
Batting: LHB Nathan Tanner 0-0: Ball
1-0: 3-RUN HOME RUN (Flyball, 9LD), Distance : 349 ft
Batting: SHB Fernando Sánchez 0-0: Called Strike
0-1: Ball
1-1: Foul Ball, location: 2F
1-2: Strikes out looking
Bottom of the 2nd over - 5 run(s), 4 hit(s), 0 error(s), 0 left on base; Grafton 4 - Wizarding 7
TOP OF THE 3RD
Grafton Middies batting - Pitching for Wizarding Express : LHP Dan Mitchell
Batting: RHB Stefano Gaddi 0-0: Called Strike
0-1: Ball
1-1: Ball
2-1: Ball
3-1: Base on Balls
Batting: RHB Dave Ash 0-0: Ball
1-0: Foul Ball, location: 2F
1-1: Ball
2-1: Fly out, F8 (Flyball, 89M)
Batting: RHB Scotty Anderson 0-0: Called Strike
0-1: Swinging Strike
0-2: Ball
1-2: Ball
2-2: DOUBLE (Line Drive, 78XD)
Stefano Gaddi to third
Batting: LHB John Meléndez 0-0: Foul Ball, location: 2F
0-1: Ball
1-1: Ball
2-1: Ball
3-1: Base on Balls
Batting: SHB Jack MacAsgill 0-0: Called Strike
0-1: Ball
1-1: Swinging Strike
1-2: Foul Ball, location: 2F
1-2: DOUBLE (Line Drive, 89XD)
Stefano Gaddi scores
Scotty Anderson scores
John Meléndez to third
Batting: RHB Pedro Santos 0-0: Ball
1-0: Swinging Strike
1-1: Ball
2-1: Swinging Strike
2-2: Fly out, F8 (Flyball, 8RXD)
Runner from 3rd tags up, SCORES, no throw
Jack MacAsgill to third
Pitching: LHP Toyoshige Ikeda
Batting: RHB Carlos Maldonado 0-0: Fly out, F8 (Line Drive, 8LS)
Top of the 3rd over - 3 run(s), 2 hit(s), 0 error(s), 1 left on base; Grafton 7 - Wizarding 7
BOTTOM OF THE 3RD
Wizarding Express batting - Pitching for Grafton Middies : RHP Craig Whitney
Pitching: LHP Luis Torres
Batting: LHB David Breitling 0-0: Called Strike
0-1: Ball
1-1: Called Strike
1-2: Ball
2-2: Strikes out looking
Batting: RHB Steve Dunn 0-0: Ball
1-0: Foul Ball, location: 2F
1-1: Foul Ball, location: 2F
1-2: Ball
2-2: Fly out, F8 (Flyball, 8LS)
Batting: RHB Cole Shaffer 0-0: Foul Ball, location: 2F
0-1: Swinging Strike
0-2: Ground out 6-3 (Groundball, 6)
Bottom of the 3rd over - 0 run(s), 0 hit(s), 0 error(s), 0 left on base; Grafton 7 - Wizarding 7
TOP OF THE 4TH
Grafton Middies batting - Pitching for Wizarding Express : LHP Toyoshige Ikeda
Batting: LHB Mario Ramos 0-0: Swinging Strike
0-1: Ball
1-1: Swinging Strike
1-2: Ball
2-2: Foul Ball, location: 2F
2-2: Strikes out swinging
Batting: RHB Lúcio López 0-0: Ball
1-0: Called Strike
1-1: DOUBLE (Line Drive, 89XD)
Batting: RHB Stefano Gaddi 0-0: Fly out, F8 (Line Drive, 8LXD)
Runner from 2nd tags up, SAFE at 3rd, no throw
Batting: RHB Dave Ash 0-0: SINGLE (Groundball, 34D)
Lúcio López scores
Batting: RHB Scotty Anderson 0-0: Ball
1-0: Foul Ball, location: 2F
1-1: Foul Ball, location: 2F
1-2: Fly out, F8 (Flyball, 8RM)
Top of the 4th over - 1 run(s), 2 hit(s), 0 error(s), 1 left on base; Grafton 8 - Wizarding 7
BOTTOM OF THE 4TH
Wizarding Express batting - Pitching for Grafton Middies : LHP Luis Torres
Batting: LHB Kyung-chor Pang 0-0: Called Strike
0-1: Foul Ball, location: 2F
0-2: DOUBLE (Flyball, 7LD)
Batting: RHB António Martínez 0-0: Called Strike
0-1: Ball
1-1: Foul Ball, location: 2F
1-2: Fly out, F7 (Flyball, 78M)
Batting: LHB José Corona 0-0: Called Strike
0-1: Foul Ball, location: 2F
0-2: Strikes out swinging
Batting: SHB Salvador Trevino 0-0: Ball
1-0: Called Strike
1-1: Ball
2-1: Ground out 4-3 (Groundball, 4)
Bottom of the 4th over - 0 run(s), 1 hit(s), 0 error(s), 1 left on base; Grafton 8 - Wizarding 7
TOP OF THE 5TH
Grafton Middies batting - Pitching for Wizarding Express : LHP Toyoshige Ikeda
Batting: LHB John Meléndez 0-0: Foul Ball, location: 2F
0-1: Bunt for hit - play at first, batter OUT! 5-3
Batting: SHB Jack MacAsgill 0-0: Ball
1-0: Foul Ball, location: 2F
1-1: Ground out 5-3 (Groundball, 56)
Batting: RHB Pedro Santos 0-0: Ball
1-0: Ground out 1-3 (Groundball, 15S)
Top of the 5th over - 0 run(s), 0 hit(s), 0 error(s), 0 left on base; Grafton 8 - Wizarding 7
BOTTOM OF THE 5TH
Wizarding Express batting - Pitching for Grafton Middies : LHP Luis Torres
Batting: LHB Nathan Tanner 0-0: Ball
1-0: Foul Ball, location: 2F
1-1: DOUBLE (Flyball, 78M)
Batting: SHB Fernando Sánchez 0-0: Ground out 6-3 (Groundball, 6)
Nathan Tanner to third
Batting: LHB David Breitling 0-0: Ball
1-0: Called Strike
1-1: Ground out U3 (Groundball, 3)
Batting: RHB Steve Dunn 0-0: Fly out, F7 (Line Drive, 7)
Bottom of the 5th over - 0 run(s), 1 hit(s), 0 error(s), 1 left on base; Grafton 8 - Wizarding 7
TOP OF THE 6TH
Grafton Middies batting - Pitching for Wizarding Express : LHP Toyoshige Ikeda
Batting: RHB Carlos Maldonado 0-0: Called Strike
0-1: Ground out 3-1 (Groundball, 34)
Batting: LHB Mario Ramos 0-0: Ball
1-0: Ball
2-0: Called Strike
2-1: Swinging Strike
2-2: Ball
3-2: Ground out 5-3 (Groundball, 25)
Batting: RHB Lúcio López 0-0: Fly out, F9 (Flyball, 9)
Top of the 6th over - 0 run(s), 0 hit(s), 0 error(s), 0 left on base; Grafton 8 - Wizarding 7
BOTTOM OF THE 6TH
Wizarding Express batting - Pitching for Grafton Middies : LHP Luis Torres
Batting: RHB Cole Shaffer 0-0: Ball
1-0: Called Strike
1-1: Foul Ball, location: 2F
1-2: SINGLE (Groundball, 34D)
Batting: LHB Kyung-chor Pang 0-0: Sac Bunt - play at second, runner OUT! 2-6
Batting: RHB António Martínez 0-0: Ball
1-0: Ball
2-0: SINGLE (Line Drive, 56)
Kyung-chor Pang to second
Batting: LHB José Corona 0-0: Ball
1-0: Foul Ball, location: 2F
1-1: Foul Ball, location: 2F
1-2: Foul Ball, location: 2F
1-2: Fielders Choice at 2nd, 3-6 (Groundball, 3)
Kyung-chor Pang to third
Batting: SHB Salvador Trevino 0-0: Called Strike
0-1: Ball
1-1: Ball
2-1: Ball
3-1: SINGLE (Groundball, 34D)
Kyung-chor Pang scores
José Corona to second
Runner from 2nd tries for 3rd, SAFE, throw made to third
Pitching: RHP Domingo Álvarez
Batting: LHB Nathan Tanner 0-0: Ball
1-0: Called Strike
1-1: Ball
2-1: Ball
3-1: Base on Balls
Salvador Trevino to second
Batting: SHB Fernando Sánchez 0-0: Foul Ball, location: 2F
0-1: Ball
1-1: Foul Ball, location: 2F
1-2: Ball
2-2: Foul Ball, location: 2F
2-2: Ball
3-2: Ground out 4-3 (Groundball, 4)
Bottom of the 6th over - 1 run(s), 3 hit(s), 0 error(s), 3 left on base; Grafton 8 - Wizarding 8
TOP OF THE 7TH
Grafton Middies batting - Pitching for Wizarding Express : LHP Toyoshige Ikeda
Batting: RHB Stefano Gaddi 0-0: Ball
1-0: Called Strike
1-1: Called Strike
1-2: Foul Ball, location: 2F
1-2: SOLO HOME RUN (Line Drive, 78XD), Distance : 387 ft
Pitching: RHP Enrico Reséndez
Batting: RHB Dave Ash 0-0: Ball
1-0: Ball
2-0: Ball
3-0: Called Strike
3-1: Foul Ball, location: 2F
3-2: Foul Ball, location: 2F
3-2: Base on Balls
Pitching: LHP Dorian Daly
Batting: RHB Scotty Anderson 0-0: Ball
1-0: Called Strike
1-1: Ball
2-1: Sac Bunt - play at first, batter OUT! 3-4
Dave Ash to second
Batting: LHB John Meléndez 0-0: Ball
1-0: Ball
2-0: Foul Ball, location: 2F
2-1: Swinging Strike
2-2: Foul Ball, location: 2F
2-2: Strikes out swinging
Batting: SHB Jack MacAsgill 0-0: Foul Ball, location: 2F
0-1: Swinging Strike
0-2: Ball
1-2: Ball
2-2: Strikes out swinging
Top of the 7th over - 1 run(s), 1 hit(s), 0 error(s), 1 left on base; Grafton 9 - Wizarding 8
BOTTOM OF THE 7TH
Wizarding Express batting - Pitching for Grafton Middies : RHP Domingo Álvarez
Batting: LHB David Breitling 0-0: Called Strike
0-1: Swinging Strike
0-2: Strikes out swinging, 2-3 out at first.
Batting: RHB Steve Dunn 0-0: Called Strike
0-1: Foul Ball, location: 2F
0-2: Fly out, F9 (Flyball, 9S)
Batting: RHB Cole Shaffer 0-0: Ball
1-0: SINGLE (Line Drive, 34D)
Batting: LHB Kyung-chor Pang 0-0: Ball
1-0: Ball
2-0: Ball
3-0: Base on Balls
Cole Shaffer to second
Batting: RHB António Martínez 0-0: Called Strike
0-1: Ball
1-1: Fielders Choice at 2nd, 5-4 (Groundball, 56)
Bottom of the 7th over - 0 run(s), 1 hit(s), 0 error(s), 1 left on base; Grafton 9 - Wizarding 8
TOP OF THE 8TH
Grafton Middies batting - Pitching for Wizarding Express : LHP Dorian Daly
Batting: RHB Pedro Santos 0-0: Called Strike
0-1: SOLO HOME RUN (Flyball, 78XD), Distance : 370 ft
Batting: RHB Carlos Maldonado 0-0: Foul Ball, location: 2F
0-1: Ball
1-1: Fly out, F8 (Flyball, 8LM)
Batting: LHB Mario Ramos 0-0: Foul Ball, location: 2F
0-1: Foul Ball, location: 2F
0-2: Ball
1-2: Strikes out swinging
Batting: RHB Lúcio López 0-0: Fly out, F7 (Flyball, 7S)
Top of the 8th over - 1 run(s), 1 hit(s), 0 error(s), 0 left on base; Grafton 10 - Wizarding 8
BOTTOM OF THE 8TH
Wizarding Express batting - Pitching for Grafton Middies : RHP Domingo Álvarez
Batting: LHB José Corona 0-0: SINGLE (Line Drive, 3D)
Pitching: RHP Truman Valentine
Batting: SHB Salvador Trevino 0-0: SINGLE (Groundball, 56D)
José Corona to second
Pitching: LHP Lorenzo Sánchez
Batting: LHB Nathan Tanner 0-0: Called Strike
0-1: Foul Ball, location: 2F
0-2: Fly out, F7 (Flyball, 7S)
Batting: SHB Fernando Sánchez 0-0: Ball
1-0: Called Strike
1-1: 3-RUN HOME RUN (Flyball, 7D), Distance : 365 ft
Pitching: RHP Dylan Silva
Batting: LHB David Breitling 0-0: Called Strike
0-1: Foul Ball, location: 2F
0-2: Foul Ball, location: 2F
0-2: Foul Ball, location: 2F
0-2: Ball
1-2: Ball
2-2: Ball
3-2: Fly out, F7 (Flyball, 7)
Batting: RHB Steve Dunn 0-0: Called Strike
0-1: Ball
1-1: Called Strike
1-2: Foul Ball, location: 2F
1-2: Strikes out swinging
Bottom of the 8th over - 3 run(s), 3 hit(s), 0 error(s), 0 left on base; Grafton 10 - Wizarding 11
TOP OF THE 9TH
Grafton Middies batting - Pitching for Wizarding Express : LHP Dorian Daly
Pitching: LHP Eijiro Takahashi
Batting: RHB Stefano Gaddi 0-0: Foul Ball, location: 2F
0-1: Ball
1-1: Fly out, F9 (Flyball, 89S)
Batting: RHB Dave Ash 0-0: Ball
1-0: Ball
2-0: Called Strike
2-1: Ground out 4-3 (Groundball, 4)
Batting: RHB Scotty Anderson 0-0: Ball
1-0: Fly out, F9 (Flyball, 9S)
Top of the 9th over - 0 run(s), 0 hit(s), 0 error(s), 0 left on base; Grafton 10 - Wizarding 11
Friday, August 11th, 2017 - OOTP Baseball 17.12 Build 75